 Dungeon Crawl Stone Soup version 0.29.1-2-gbd0b4ee654 (webtiles) character file.

Game seed: 16202938790566494193

1369 funnyparkerb the Ducker (level 8, -1/37 HPs)
             Began as a Felid Summoner on Nov 11, 2022.
             Slain by a killer bee (9 damage)
             ... on level 8 of the Dungeon.
             The game lasted 00:16:04 (9044 turns).

funnyparkerb the Ducker (Felid Summoner)            Turns: 9044, Time: 00:16:05

Health: -1/37      AC:  2    Str:  4    XL:     8   Next: 38%
Magic:  21/26      EV: 21    Int: 19    God:
Gold:   309        SH:  0    Dex: 16    Spells: 5/18 levels left
                                        Lives:  0   Deaths: 2

rFire   . . .      SeeInvis +   (weapon unavailable)
rCold   . . .      Faith    .   (shield unavailable)
rNeg    + . .      Spirit   .   (body armour unavailable)
rPois   +          Reflect  .   (helmet unavailable)
rElec   +          Harm     .   (cloak unavailable)
rCorr   .          Rampage  .   (gloves unavailable)
Will    +....                   (boots unavailable)
Stlth   ++........              (no amulet)
HPRegen 0.12/turn               s - ring of magical power
MPRegen 0.20/turn               r - ring of Arafi {rElec rPois rN+}

@: quick
A: very small, claws 1, fangs 3, see invisible, speed 1, shaggy fur 2, stealthy
paws, no weapons or thrown items, no armour, multi-lived
a: no special abilities


You were on level 8 of the Dungeon.
You visited 2 branches of the dungeon, and saw 9 of its levels.

You collected 309 gold pieces.

Inventory:

Jewellery
 g - a ring of willpower
 l - a ring of protection from cold
 r - the ring of Arafi (right paw) {rElec rPois rN+}
   (You found it on level 2 of the Dungeon)

   [ring of poison resistance]

   rElec:     It insulates you from electricity.
   rPois:     It protects you from poison.
   rN:        It protects you from negative energy.
 s - a ring of magical power (left paw)
Wands
 u - a wand of flame (24)
 B - a wand of roots (9)
Scrolls
 b - a scroll of vulnerability
 i - a scroll of butterflies {unknown}
 j - 10 scrolls of identify {unknown}
 t - a scroll of acquirement {unknown}
 v - a scroll of amnesia
 x - a scroll of summoning {unknown}
 y - a scroll of noise {unknown}
Potions
 a - a potion of magic
 c - 2 potions of haste {unknown}
 d - 3 potions of heal wounds {unknown}
 e - 4 potions of mutation {unknown}
 m - 4 potions of curing
 n - a potion of attraction {unknown}
 o - 2 potions of resistance
 p - 2 potions of degeneration {unknown}
 w - 2 potions of lignification {unknown}
 z - a potion of berserk rage {unknown}
 A - 2 potions of brilliance {unknown}
 C - 2 potions of ambrosia {unknown}


   Skills:
 + Level 5.2 Fighting
 + Level 7.4 Dodging
 - Level 2.6 Stealth
 + Level 5.8 Spellcasting
 - Level 5.0 Hexes
 + Level 7.2 Summonings
 + Level 3.9 Air Magic


You had 5 spell levels left.
You knew the following spells:

 Your Spells              Type           Power      Damage    Failure   Level
a - Summon Small Mammal   Summ           100%       N/A       1%          1
b - Call Imp              Summ           33%        N/A       1%          2
c - Call Canine Familiar  Summ           33%        N/A       1%          3
d - Summon Guardian Gole  Hex/Summ       28%        N/A       2%          3
e - Summon Lightning Spi  Summ/Air       26%        N/A       12%         4

Your spell library contained the following spells:

 Spells                   Type           Power      Damage    Failure   Level
 Ensorcelled Hibernation  Hex/Ice        30%        N/A       6%          2
 Swiftness                Air            20%        N/A       7%          3
 Poisonous Vapours        Pois/Air       26%        N/A       8%          2
 Magic Dart               Conj           20%        1d4       12%         1
 Sting                    Tmut/Pois      20%        1d4       12%         1
 Passwall                 Tmut/Erth      4%         N/A       17%         2
 Mephitic Cloud           Conj/Pois/Air  10%        N/A       21%         3
 Conjure Flame            Conj/Fire      5%         6-21      34%         3
 Ignite Poison            Fire/Tmut/Pois 5%         N/A       34%         3
 Spider Form              Tmut/Pois      5%         N/A       34%         3
 Anguish                  Hex/Necr       7%         N/A       38%         4
 Corpse Rot               Necr/Pois/Air  10%        N/A       54%         4
 Olgreb's Toxic Radiance  Pois           5%         N/A       75%         4
 Sticky Flame             Conj/Fire      5%         2d3       75%         4


Dungeon Overview and Level Annotations

Branches:
Dungeon (8/15)             Temple (1/1) D:5
   Lair: D:8-11

Altars:
Ashenzari
Elyvilon
Kikubaaqudgha
Makhleb
Nemelex Xobeh
Okawaru
Qazlal
Ru
Sif Muna
Trog
Uskayaw
Vehumet
Yredelemnul
Zin

Shops:
D:4 (

Annotations:
D:4 1 runed translucent door
D:6 5 runed translucent doors


Innate Abilities, Weirdness & Mutations

You have sharp claws.
You have razor-sharp teeth.
You have supernaturally acute eyesight. (SInv)
You cover ground quickly. (Speed+)
You are covered in thick fur. (AC +2)
Your paws help you pounce on unaware monsters.
You are incapable of wielding weapons or throwing items.
You cannot wear armour.
You gain extra lives every three experience levels.


Message History

The yak barely misses your crimson imp.
Your crimson imp blinks!
The hornet buzzes angrily.
The bullfrog closely misses you. The hornet stings you!
You feel yourself slow down. The bullfrog barely misses you.
You closely miss the hornet. The hornet closely misses you.
The bullfrog misses you. The hornet misses you. The bullfrog misses you.
As you read the scroll labelled AGESOI DAMU, it crumbles to dust.
You assume a fearsome visage.
The yak looks frightened! x2
The bullfrog looks frightened!
The hornet looks frightened!
It was a scroll of fear.
You feel yourself speed up.
The bullfrog barely misses your crimson imp.
Your crimson imp blinks!
The yak seems to regain its courage.
Your crimson imp blinks!
You see here a yak corpse.
Casting: Call Canine Familiar (safe; 1% risk of failure)
Confirm with . or Enter, or press ? or * to list all spells.
A guardian golem appears, shielding your allies.
What are your orders? t - Meow!
Orders for allies: a - Attack new target. r - Retreat! s - Stop attacking. g - Guard the area. f - Follow me.
Anything else - Cancel.
Gang up on whom?
Press: ? - help, Dir - move target, f - yak
Aim: a yak Attack!
The yak gores you!
* * * LOW HITPOINT WARNING * * *
Your crimson imp hits the yak.
Your crimson imp completely misses the yak.
A water moccasin comes into view.
Found 5 stones.
A killer bee comes into view.
The killer bee stings you!
You die...

#....§#....................
#.....#....#.....##<.......
##..5.#..Y##.....##....##..
#....#..F.59^...##....#
#....#...........#....#
#....#...##.(...##....#
#....#...#####+###....+
#....#...9....[.##....#
#....#....5Y...@##....#
#....#........y..(.....
#....#.................
#....#..........##....#
#y...#..........# ....#
#....#...........# ...#
#.S.........# ...
#...........# ...


You could see a yak (ally target), a killer bee, a friendly guardian golem
(summoned) and a friendly crimson imp (summoned, sheltered).

Vanquished Creatures
  A sky beast (D:7)
  2 orc wizards (D:5)
  2 adders
  A worm (D:2)
  5 bats
  2 endoplasms (D:1)
  A giant cockroach (D:1)
  A kobold (D:3)
  2 ball pythons
  A kobold zombie (D:4)
  3 rats
21 creatures vanquished.

Vanquished Creatures (collateral kills)
  A water moccasin (D:7)
  A black bear (D:5)
  A centaur (D:8)
  2 bullfrogs
  2 necrophages
  2 scorpions
  A killer bee (D:7)
  2 howler monkeys
  4 hounds
  5 jellies
  2 orc priests (D:7)
  2 iguanas
  Ijyb (D:3)
  Natasha (D:4)
  3 orc wizards (D:4)
  8 adders
  A shadow imp (D:6)
  2 white imps
  2 worms
  A dart slug (D:5)
  11 orcs
  4 ball pythons
  8 endoplasms
  3 giant cockroaches
  4 goblins
  5 hobgoblins
  3 jackals
  2 quokkas
  2 bats (D:3)
  5 frilled lizards
  A jackal zombie (D:4)
  8 kobolds
  A rat (D:2)
101 creatures vanquished.

Vanquished Creatures (others)
  A wyvern (D:7)
  Eustachio (D:4)
  2 yaks (D:8)
  A water moccasin (D:5)
  An orc warrior (D:6)
  An ogre (D:5)
  A centaur (D:7)
  A necrophage (D:6)
  A scorpion (D:5)
10 creatures vanquished.

Grand Total: 132 creatures vanquished

Notes
Turn   | Place    | Note
-------+----------+-------------------------------------------
     0 | D:1      | funnyparkerb the Felid Summoner began the quest for the
                  | Orb.
     0 | D:1      | Reached XP level 1. HP: 7/7 MP: 4/4
   359 | D:1      | Reached XP level 2. HP: 11/11 MP: 6/6
   362 | D:1      | Learned a level 2 spell: Call Imp
   551 | D:1      | Found a faded altar of an unknown god.
  1531 | D:2      | Reached XP level 3. HP: 14/14 MP: 2/8
  1535 | D:2      | Learned a level 3 spell: Call Canine Familiar
  2249 | D:2      | Reached XP level 4. HP: 18/18 MP: 9/9
  2288 | D:2      | Identified the ring of Arafi {rElec rPois rN+}
  2438 | D:2      | Learned a level 3 spell: Summon Guardian Golem
  2859 | D:3      | Found a white marble altar of Elyvilon.
  2998 | D:3      | Reached skill level 1 in Hexes
  3078 | D:3      | Reached skill level 5 in Summonings
  3114 | D:3      | Noticed Ijyb
  3145 | D:3      | Killed Ijyb
  3359 | D:3      | Reached XP level 5. HP: 11/21 MP: 11/11
  3680 | D:3      | Found a sparkling altar of Nemelex Xobeh.
  3701 | D:3      | Reached skill level 1 in Fighting
  4397 | D:4      | Found a runed translucent door.
  4397 | D:4      | Noticed a human
  4427 | D:4      | Found a basalt altar of Yredelemnul.
  4445 | D:4      | Identified the +1 robe of Focus {rF+ Int+4}
  4637 | D:4      | Found Qatri's Firing Range.
  4677 | D:4      | Noticed Eustachio
  5425 | D:4      | Found an ancient bone altar of Kikubaaqudgha.
  5443 | D:4      | Gained mutation: You are covered in thick fur. (AC +2)
                  | [Felid growth]
  5443 | D:4      | Reached XP level 6. HP: 26/26 MP: 12/12
  5472 | D:4      | Found a radiant altar of Vehumet.
  5517 | D:4      | Found a shimmering blue altar of Sif Muna.
  5752 | D:4      | Killed Eustachio
  5771 | D:4      | Noticed Natasha
  5785 | D:4      | Killed Natasha
  5797 | D:4      | Learned a level 4 spell: Summon Lightning Spire
  5951 | D:5      | Entered Level 5 of the Dungeon
  5986 | D:5      | Noticed a water moccasin
  6004 | D:5      | Reached XP level 7. HP: 30/30 MP: 14/14
  6029 | D:5      | Found a staircase to the Ecumenical Temple.
  6063 | Temple   | Entered the Ecumenical Temple
  6358 | D:5      | Reached skill level 1 in Air Magic
  6519 | D:5      | Reached skill level 5 in Dodging
  6573 | D:5      | Reached XP level 8. HP: 34/34 MP: 15/15
  6659 | D:5      | Reached skill level 5 in Hexes
  6907 | D:5      | Found a sacrificial altar of Ru.
  7218 | D:6      | Killed from afar by a white imp
  7219 | D:6      | Reached XP level 7. HP: -2/31 MP: 16/24
  7357 | D:6      | Found the +9 staff of Olgreb {rPois∞}
  7369 | D:6      | Found a runed translucent gate.
  7369 | D:6      | Found a runed translucent gate.
  7369 | D:6      | Noticed a redback
  7370 | D:6      | Found a runed translucent door.
  7381 | D:6      | Found a runed translucent gate.
  7409 | D:6      | Reached skill level 5 in Spellcasting
  7606 | D:6      | Noticed a redback
  7609 | D:6      | Found a runed translucent door.
  7755 | D:6      | Found a burning altar of Makhleb.
  7793 | D:6      | Reached XP level 8. HP: 36/36 MP: 16/16
  8761 | D:7      | Slain by a killer bee
  8762 | D:7      | Reached XP level 7. HP: -2/33 MP: 25/25
  8877 | D:7      | Reached XP level 8. HP: 36/36 MP: 17/17
  8998 | D:8      | Reached skill level 5 in Fighting
  9003 | D:8      | Noticed a hornet
  9044 | D:8      | Slain by a killer bee

Illustrated notes

Levels and vault maps discovered:
D:1:      saegor_arrival_miasma, layout_loops_ring,
          shapermc_ecumenical_altar_petra
D:2:      kennysheep_six_static_rooms, layout_basic
D:3:      layout_rooms, lemuel_tele_altar, mainiacjoe_overflow_paths, uniq_ijyb
D:4:      layout_layer_cave, palyth_temple_overflow_mages,
          dk_yredelemnul_ordeal, nicolae_shop_firing_range, uniq_eustachio,
          uniq_natasha
D:5:      layout_loops_ring, lemuel_round_altar, minmay_temple_entry_large_hall,
          kennysheep_small_square
D:6:      layout_cave_pools, bloody_makhleb,
          minmay_guarded_unrand_staff_of_olgreb
D:7:      layout_gridville, grunt_temple_overflow_open
D:8:      layout_gridville, grunt_dithmenos_smoke, hangedman_decor_push,
          grunt_tough_drop
Temple:   nicolae_temple_superstar

Skill      XL: |  1  2  3  4  5  6  7  8 |
---------------+-------------------------+-----
Spellcasting   | 3 4 5 |  5.8
Hexes          | 1 2 3 4 5 |  5.0
Summonings     | 5 7 |  7.2
Dodging        | 3 4 7 |  7.4
Fighting       | 1 2 4 5 |  5.2
Air Magic      | 1 3 |  3.9
Stealth        | |  2.6

Action                   |  1- 3 |  4- 6 |  7- 9 || total
-------------------------+-------+-------+-------++-------
Melee: Unarmed           |    47 |    44 |    52 ||   143
       Bite              |     7 |     4 |     4 ||    15
       Punch             |       |     1 |     1 ||     2
 Cast: Summon Small Mamm |    13 |       |     3 ||    16
       Call Imp          |    14 |    10 |    12 ||    36
       Call Canine Famil |     3 |    26 |    32 ||    61
       Summon Guardian G |       |     7 |    26 ||    33
       Summon Lightning  |       |       |     1 ||     1
  Use: Scroll            |       |       |     8 ||     8
       Potion            |       |       |     5 ||     5
 Stab: Sleeping          |     1 |       |       ||     1
       Confused          |       |       |     1 ||     1
Armor: Skin              |    15 |     5 |     2 ||    22
Dodge: Dodged            |    47 |    57 |   104 ||   208
